Rangers vs Devils
(R1)
Created - April 6, 2021 at 19:02
Goals
|
Rangers |
0 |
2 |
0 |
2 |
Devils |
1 |
1 |
1 |
3 |
|
Shots
|
Rangers |
5 |
8 |
9 |
22 |
Devils |
4 |
16 |
12 |
32 |
|
1st period
1. Devils , Zach Parise 19 (Chris Stewart 24, Jamie Arniel 20) at 18:32
Penalties :
Matt Delahey (NYR) for Holding (Minor) at 3:45, Maxime Sauvé (NYR) for Holding (Minor) at 15:30
2nd period
2. Devils , Jamie Arniel 14 (Josh Gorges 11, Anton Stralman 23) at 12:55
3. Rangers , T.J Galiardi 8 (Milan Lucic 61) at 16:03
4. Rangers , Chris Bourque 11 (Cam Barker 30, Maxime Sauvé 11) at 19:08
Penalties :
Steve Quailer (NYR) for Roughing (Minor) at 0:41, Zach Parise (NJD) for Interference (Minor) at 4:14, Tomas Hertl (NYR) for Holding (Minor) at 9:30, Ryan Strome (NYR) for Roughing (Minor) at 16:47
3rd period
5. Devils , Martin Samuelsson 5 (Patrick Kaleta 19, Brad Richards 19) at 16:30
Penalties :
Rostislav Olesz (NYR) for Hooking (Minor) at 5:34, Ryan Strome (NYR) for Roughing (Minor) at 9:30, Luke Schenn (NYR) for Hooking (Minor) at 16:56
Goalie Stats
Frederik Andersen (NYR), 29 saves from 32 shots - (0.906), L, 25-29-3, 59:40 minutes
Maxime Daigneault (NJD), 20 saves from 22 shots - (0.909), W, 34-15-8, 60:00 minutes
Players Stats for Rangers
Player Name G A P +/- PIM S H SB GA TA FO MP PP MP PK MP
------------------------------------------------------------------------------------
Cam Barker 0 1 1 -2 0 2 1 3 1 1 0/0 29:01 1:25 8:00
Chris Bourque 1 0 1 0 0 3 1 1 1 1 0/0 13:45 0:00 2:46
Devante Smith-Pelly 0 0 0 0 0 1 0 1 1 1 0/0 9:49 0:00 0:00
Dmitry Kulikov 0 0 0 0 0 0 0 2 1 2 0/0 22:40 0:34 7:40
Henrik Samuelsson 0 0 0 0 0 0 1 0 0 0 1/5 4:55 0:00 0:21
Luke Schenn 0 0 0 -2 2 0 1 3 0 0 0/0 27:31 1:25 6:46
Magnus Paajarvi 0 0 0 0 0 0 0 0 0 0 0/0 2:08 0:00 0:15
Mark Fistric 0 0 0 0 0 1 1 0 1 1 0/0 21:42 0:34 7:20
Matt Delahey 0 0 0 1 2 0 1 0 0 0 0/0 9:40 0:00 1:03
Maxime Sauvé 0 1 1 0 2 1 1 0 0 0 3/5 10:23 0:00 0:00
Milan Lucic 0 1 1 0 0 3 0 0 1 0 5/9 25:01 1:16 7:10
Patrice Bergeron 0 0 0 0 0 1 1 0 0 0 9/23 21:59 1:16 7:24
Patrik Nemeth 0 0 0 1 0 0 1 2 0 0 0/0 9:27 0:00 0:42
Rostislav Olesz 0 0 0 -1 2 2 0 1 0 0 1/2 19:06 0:43 4:38
Ryan Strome 0 0 0 -1 4 2 2 0 0 0 0/0 13:28 0:43 0:09
Steve Quailer 0 0 0 0 2 2 1 1 2 3 0/1 19:20 1:16 3:58
T.J Galiardi 1 0 1 0 0 1 0 0 0 0 1/1 9:09 0:00 3:44
Tomas Hertl 0 0 0 -1 2 3 0 0 0 0 8/16 14:56 0:43 1:32
Players Stats for Devils
Player Name G A P +/- PIM S H SB GA TA FO MP PP MP PK MP
------------------------------------------------------------------------------------
Anton Stralman 0 1 1 -2 0 2 0 1 1 0 0/0 25:23 7:04 1:25
Brad Richards 0 1 1 1 0 1 1 0 0 0 3/4 15:13 6:30 0:30
Brad Richardson 0 0 0 -1 0 1 4 0 0 0 0/0 8:51 0:50 0:00
Chris Stewart 0 1 1 1 0 0 1 0 1 0 0/1 18:04 6:30 0:00
Eric Tangradi 0 0 0 -1 0 1 0 1 0 1 0/0 9:12 0:34 0:18
Jamie Arniel 1 1 2 1 0 3 2 2 0 1 10/16 13:40 0:46 0:36
Josh Gorges 0 1 1 1 0 1 1 2 1 1 0/0 22:19 5:45 1:25
Kristopher Letang 0 0 0 -1 0 0 1 1 1 3 0/0 21:41 7:20 0:00
Marian Gaborik 0 0 0 0 0 1 3 0 2 1 0/0 22:31 8:23 0:00
Martin Samuelsson 1 0 1 1 0 5 2 0 0 0 2/5 9:16 0:00 1:17
Matt Donovan 0 0 0 1 0 2 2 0 1 0 0/0 13:37 0:37 0:34
Michael Del Zotto 0 0 0 2 0 1 0 2 2 0 0/0 25:34 9:59 0:34
Nazem Kadri 0 0 0 0 0 2 1 0 0 0 12/17 13:24 0:00 0:00
Nick Bonino 0 0 0 -1 0 2 0 0 0 0 2/6 8:01 0:00 0:00
Patrick Kaleta 0 1 1 1 0 4 0 0 0 0 3/10 18:25 9:03 1:17
Thomas Hickey 0 0 0 1 0 0 1 1 0 0 0/0 11:35 1:08 0:00
Tyler Ennis 0 0 0 0 0 2 2 0 0 0 2/3 22:29 8:21 0:00
Zach Parise 1 0 1 1 2 4 1 0 0 1 0/0 18:45 6:30 0:00
3 Stars
1 - Jamie Arniel (NJD)
2 - Martin Samuelsson (NJD)
3 - Josh Gorges (NJD)
Power Play
Rangers - 0 on 1 Attempt(s) - 0.00%
Devils - 0 on 8 Attempt(s) - 0.00%
Penalty Kill
Rangers - 8 on 8 Attempt(s) - 100.00%
- Score 0 goal in Penalty Kill
Devils - 1 on 1 Attempt(s) - 100.00%
- Score 0 goal in Penalty Kill
Team Stat
Rangers - Hits : 12 - Faceoff Wins : 28 - Blocked Shots : 14 - Penalty Minutes : 16
Devils - Hits : 22 - Faceoff Wins : 34 - Blocked Shots : 10 - Penalty Minutes : 2
Official
Referees : Unknown
Linesman : Unknown
Game Notes
Kristopher Letang is injured at 12:58 of 3rd period (Lower Body)
Finance
Level 1 -- Attendance: 5651 (94.18%) -- Ticket Income $593,355
Level 2 -- Attendance: 4767 (95.34%) -- Ticket Income $309,855
Level 3 -- Attendance: 1911 (95.55%) -- Ticket Income $76,440
Level 4 -- Attendance: 3646 (91.15%) -- Ticket Income $102,088
Luxury Box -- Attendance: 900 (90.00%) -- Ticket Income $162,000
Game was played at the The Pack Center.
Total Attendance: 16875 (93.75%)
Total Ticket Income: $1,243,738
Other Income: $186,561
Total Income: $1,430,299
Rangers
5 vs 5 Forward
Center Left Wing Right Wing Time % Phy DF OF
1 Patrice Bergeron Milan Lucic Steve Quailer 40 1 2 2
2 Tomas Hertl Rostislav Olesz Ryan Strome 30 1 2 2
3 Maxime Sauvé Chris Bourque Devante Smith-Pelly 20 1 2 2
4 Henrik Samuelsson T.J Galiardi Milan Lucic 10 1 2 2
5 vs 5 Defense
Defense Defense Time % Phy DF OF
1 Luke Schenn Cam Barker 40 1 2 2
2 Mark Fistric Dmitry Kulikov 30 1 2 2
3 Patrik Nemeth Matt Delahey 20 1 2 2
4 Luke Schenn Cam Barker 10 1 2 2
PowerPlay Forward
Center Left Wing Right Wing Time % Phy DF OF
1 Patrice Bergeron Milan Lucic Steve Quailer 60 1 2 2
2 Tomas Hertl Rostislav Olesz Ryan Strome 40 1 2 2
PowerPlay Defense
Defense Defense Time % Phy DF OF
1 Luke Schenn Cam Barker 60 1 2 2
2 Mark Fistric Dmitry Kulikov 40 1 2 2
Penalty Kill 4 Players Forward
Center Wing Time % Phy DF OF
1 Milan Lucic Patrice Bergeron 60 1 2 2
2 Steve Quailer Rostislav Olesz 40 1 2 2
Penalty Kill 4 Players Defense
Defense Defense Time % Phy DF OF
1 Luke Schenn Cam Barker 60 1 2 2
2 Mark Fistric Dmitry Kulikov 40 1 2 2
Penalty Kill - 3 Players Forward
Forward Time % Phy DF OF
1 Milan Lucic 60 1 2 2
2 Patrice Bergeron 40 1 2 2
Penalty Kill - 3 Players Defense
Defense Defense Time % Phy DF OF
1 Luke Schenn Cam Barker 60 1 2 2
2 Mark Fistric Dmitry Kulikov 40 1 2 2
4 vs 4 Forward
Center Wing Time % Phy DF OF
1 Milan Lucic Patrice Bergeron 60 1 2 2
2 Steve Quailer Rostislav Olesz 40 1 2 2
4 vs 4 Defense
Defense Defense Time % Phy DF OF
1 Luke Schenn Cam Barker 60 1 2 2
2 Mark Fistric Dmitry Kulikov 40 1 2 2
Last Minutes Offensive
Center Left Wing Right Wing Defense Defense
Patrice Bergeron Milan Lucic Steve Quailer Luke Schenn Cam Barker
Last Minutes Defensive
Center Left Wing Right Wing Defense Defense
Patrice Bergeron Milan Lucic Steve Quailer Luke Schenn Cam Barker
Goaltenders
Starting : Frederik Andersen
Backup : Mike Condon
Extra Forwards
Normal : Magnus Paajarvi, Chris Bourque, T.J Galiardi - PP : Magnus Paajarvi, Chris Bourque - PK : T.J Galiardi
Extra Defensemen
Normal : Patrik Nemeth, Matt Delahey, Mark Fistric - PP : Patrik Nemeth - PK : Matt Delahey, Mark Fistric
Penalty Shots
Milan Lucic, Patrice Bergeron, Steve Quailer, Rostislav Olesz, Tomas Hertl
Scratches
Sean Couturier (Right Foot Injury), Jonas Brodin (Healthy)
Devils
5 vs 5 Forward
Center Left Wing Right Wing Time % Phy DF OF
1 Nazem Kadri Tyler Ennis Marian Gaborik 36 0 2 3
2 Jamie Arniel Zach Parise Chris Stewart 32 0 2 3
3 Brad Richards Martin Samuelsson Patrick Kaleta 22 0 2 3
4 Nick Bonino Eric Tangradi Brad Richardson 10 0 2 3
5 vs 5 Defense
Defense Defense Time % Phy DF OF
1 Kristopher Letang Anton Stralman 40 0 3 2
2 Michael Del Zotto Josh Gorges 35 0 3 2
3 Thomas Hickey Matt Donovan 25 0 3 2
4 Kristopher Letang Anton Stralman 0 1 2 2
PowerPlay Forward
Center Left Wing Right Wing Time % Phy DF OF
1 Patrick Kaleta Tyler Ennis Marian Gaborik 60 0 1 4
2 Brad Richards Zach Parise Chris Stewart 40 0 1 4
PowerPlay Defense
Defense Defense Time % Phy DF OF
1 Kristopher Letang Michael Del Zotto 60 0 1 4
2 Anton Stralman Josh Gorges 40 0 1 4
Penalty Kill 4 Players Forward
Center Wing Time % Phy DF OF
1 Martin Samuelsson Patrick Kaleta 60 1 3 1
2 Jamie Arniel Zach Parise 40 1 3 1
Penalty Kill 4 Players Defense
Defense Defense Time % Phy DF OF
1 Anton Stralman Josh Gorges 60 1 4 0
2 Michael Del Zotto Matt Donovan 40 1 4 0
Penalty Kill - 3 Players Forward
Forward Time % Phy DF OF
1 Zach Parise 60 1 3 1
2 Brad Richards 40 1 3 1
Penalty Kill - 3 Players Defense
Defense Defense Time % Phy DF OF
1 Kristopher Letang Anton Stralman 60 1 4 0
2 Matt Donovan Josh Gorges 40 1 4 0
4 vs 4 Forward
Center Wing Time % Phy DF OF
1 Zach Parise Tyler Ennis 60 0 2 3
2 Brad Richards Marian Gaborik 40 0 2 3
4 vs 4 Defense
Defense Defense Time % Phy DF OF
1 Kristopher Letang Anton Stralman 60 0 3 2
2 Michael Del Zotto Josh Gorges 40 0 3 2
Last Minutes Offensive
Center Left Wing Right Wing Defense Defense
Nazem Kadri Tyler Ennis Marian Gaborik Kristopher Letang Michael Del Zotto
Last Minutes Defensive
Center Left Wing Right Wing Defense Defense
Jamie Arniel Zach Parise Patrick Kaleta Josh Gorges Anton Stralman
Goaltenders
Starting : Maxime Daigneault
Backup : Thomas McCollum
Extra Forwards
Normal : Brad Richards, Patrick Kaleta, Martin Samuelsson - PP : Jamie Arniel, Patrick Kaleta - PK : Brad Richards
Extra Defensemen
Normal : Kristopher Letang, Matt Donovan, Michael Del Zotto - PP : Michael Del Zotto - PK : Kristopher Letang, Anton Stralman
Penalty Shots
Marian Gaborik, Tyler Ennis, Brad Richards, Chris Stewart, Zach Parise
Scratches
Mike Weber (Healthy)
% Time on Ice - Rangers
Lines # - Real PCT - Wanted PCT - Time Play
Normal Forward
1 - 35% - 40% - 14:39
2 - 31% - 30% - 12:54
3 - 24% - 20% - 9:49
4 - 10% - 10% - 4:21
Normal Defense
1 - 45% - 40% - 18:44
2 - 33% - 30% - 13:48
3 - 19% - 20% - 8:03
4 - 3% - 10% - 1:08
PP Forward
1 - 64% - 60% - 1:16
2 - 36% - 40% - 0:43
PP Defense
1 - 71% - 60% - 1:25
2 - 29% - 40% - 0:34
PK Forward
1 - 65% - 60% - 10:20
2 - 35% - 40% - 5:32
PK Defense
1 - 57% - 60% - 8:58
2 - 43% - 40% - 6:54
PK3 Forward
1 - 0% - 60%
2 - 0% - 40%
PK3 Defense
1 - 0% - 60%
2 - 0% - 40%
44 Forward
1 - 0% - 60%
2 - 0% - 40%
44 Defense
1 - 0% - 60%
2 - 0% - 40%
Last Minute Offensive - 0:26
Last Minute Defensive - 0:00
Total
Forward - 60:00
Defense - 60:00
|
% Time on Ice - Devils
Lines # - Real PCT - Wanted PCT - Time Play
Normal Forward
1 - 34% - 36% - 14:09
2 - 29% - 32% - 12:07
3 - 18% - 22% - 7:26
4 - 19% - 10% - 8:01
Normal Defense
1 - 40% - 40% - 16:36
2 - 35% - 35% - 14:39
3 - 25% - 25% - 10:15
4 - 1% - 0% - 0:13
PP Forward
1 - 55% - 60% - 8:46
2 - 45% - 40% - 7:06
PP Defense
1 - 64% - 60% - 10:07
2 - 36% - 40% - 5:45
PK Forward
1 - 70% - 60% - 1:23
2 - 30% - 40% - 0:36
PK Defense
1 - 71% - 60% - 1:25
2 - 29% - 40% - 0:34
PK3 Forward
1 - 0% - 60%
2 - 0% - 40%
PK3 Defense
1 - 0% - 60%
2 - 0% - 40%
44 Forward
1 - 0% - 60%
2 - 0% - 40%
44 Defense
1 - 0% - 60%
2 - 0% - 40%
Last Minute Offensive - 0:00
Last Minute Defensive - 0:26
Total
Forward - 60:00
Defense - 60:00
|
Play-by-Play
1st period
0:01 of 1st period - Patrice Bergeron wins face-off versus Nazem Kadri in neutral zone.
0:04 of 1st period - Backhand shot by Milan Lucic.
0:04 of 1st period - Stopped by Maxime Daigneault without a rebound.
0:05 of 1st period - Nazem Kadri wins face-off versus Patrice Bergeron in Devils zone.
1:15 of 1st period - Slapshot by Milan Lucic.
1:15 of 1st period - Shot Misses the Net.
1:29 of 1st period - Tyler Ennis is hit by Steve Quailer and loses puck.
2:22 of 1st period - Slapshot by Marian Gaborik.
2:22 of 1st period - Shot Blocked by Steve Quailer.
2:50 of 1st period - Wrist shot by Milan Lucic.
2:50 of 1st period - Stopped by Maxime Daigneault without a rebound.
2:51 of 1st period - Tomas Hertl wins face-off versus Jamie Arniel in Devils zone.
3:45 of 1st period - Minor Penalty to Matt Delahey for Holding.
3:46 of 1st period - T.J Galiardi wins face-off versus Brad Richards in Rangers zone.
4:46 of 1st period - Dmitry Kulikov is hit by Jamie Arniel and loses puck.
5:45 of 1st period - Penalty to Matt Delahey is over, Matt Delahey is back on ice.
6:11 of 1st period - Snap shot by T.J Galiardi.
6:11 of 1st period - Shot Misses the Net.
6:51 of 1st period - Brad Richardson is hit by Maxime Sauvé and loses puck.
7:58 of 1st period - Cam Barker is hit by Matt Donovan and loses puck.
9:22 of 1st period - Dmitry Kulikov is hit by Brad Richardson and loses puck.
10:39 of 1st period - Matt Donovan is hit by Patrik Nemeth and loses puck.
11:07 of 1st period - Snap shot by Nazem Kadri.
11:07 of 1st period - Deflect By Patrice Bergeron.
11:07 of 1st period - Shot Blocked by Dmitry Kulikov.
11:07 of 1st period - Puck is out of play.
11:08 of 1st period - Nazem Kadri wins face-off versus Patrice Bergeron in Rangers zone.
11:15 of 1st period - Tyler Ennis is hit by Patrice Bergeron and loses puck.
11:56 of 1st period - Snap shot by Devante Smith-Pelly.
11:56 of 1st period - Shot Misses the Net.
12:24 of 1st period - Michael Del Zotto is hit by Ryan Strome and loses puck.
12:46 of 1st period - Patrik Nemeth is hit by Nazem Kadri and loses puck.
13:03 of 1st period - Wrist shot by Jamie Arniel.
13:03 of 1st period - Shot Blocked by Devante Smith-Pelly.
14:01 of 1st period - Snap shot by Nick Bonino.
14:01 of 1st period - Stopped by Frederik Andersen without a rebound.
14:02 of 1st period - Tomas Hertl wins face-off versus Nick Bonino in Rangers zone.
14:07 of 1st period - Snap shot by Rostislav Olesz.
14:07 of 1st period - Shot Misses the Net.
14:21 of 1st period - Slapshot by Brad Richardson.
14:21 of 1st period - Shot Blocked by Patrik Nemeth.
14:31 of 1st period - Backhand shot by Eric Tangradi.
14:31 of 1st period - Shot Misses the Net.
14:41 of 1st period - Ryan Strome is hit by Brad Richardson and loses puck.
14:46 of 1st period - Snap shot by Eric Tangradi.
14:46 of 1st period - Stopped by Frederik Andersen without a rebound.
14:47 of 1st period - Patrice Bergeron wins face-off versus Chris Stewart in Rangers zone.
14:47 of 1st period - Patrice Bergeron is hit by Jamie Arniel.
15:21 of 1st period - Slapshot by Mark Fistric.
15:21 of 1st period - Deflect By Patrick Kaleta.
15:21 of 1st period - Stopped by Maxime Daigneault with a rebound.
15:23 of 1st period - Slapshot by Dmitry Kulikov.
15:23 of 1st period - Deflect By Devante Smith-Pelly.
15:23 of 1st period - Shot Misses the Net.
15:23 of 1st period - Puck is out of play.
15:24 of 1st period - Jamie Arniel wins face-off versus Maxime Sauvé in Devils zone.
15:30 of 1st period - Minor Penalty to Maxime Sauvé for Holding.
15:31 of 1st period - Patrice Bergeron wins face-off versus Patrick Kaleta in Rangers zone.
16:15 of 1st period - Wrist shot by Rostislav Olesz.
16:15 of 1st period - Deflect By Kristopher Letang.
16:15 of 1st period - Stopped by Maxime Daigneault with a rebound.
17:30 of 1st period - Penalty to Maxime Sauvé is over, Maxime Sauvé is back on ice.
17:54 of 1st period - Icing by Dmitry Kulikov.
17:55 of 1st period - Nazem Kadri wins face-off versus Steve Quailer in Rangers zone.
18:04 of 1st period - Wrist shot by Brad Richardson.
18:04 of 1st period - Deflect By Eric Tangradi.
18:04 of 1st period - Shot Blocked by Dmitry Kulikov.
18:04 of 1st period - Puck is out of play.
18:05 of 1st period - Nick Bonino wins face-off versus Henrik Samuelsson in Rangers zone.
18:06 of 1st period - Wrist shot by Eric Tangradi.
18:06 of 1st period - Shot Blocked by Luke Schenn.
18:08 of 1st period - Snap shot by Thomas Hickey.
18:08 of 1st period - Shot Blocked by Luke Schenn.
18:14 of 1st period - Wrist shot by Brad Richardson.
18:14 of 1st period - Shot Misses the Net.
18:22 of 1st period - Snap shot by Brad Richardson.
18:22 of 1st period - Stopped by Frederik Andersen without a rebound.
18:23 of 1st period - Jamie Arniel wins face-off versus Tomas Hertl in Rangers zone.
18:32 of 1st period - Snap shot by Zach Parise.
18:32 of 1st period - Goal by Zach Parise - Rangers : 0 - Devils : 1.
18:33 of 1st period - Patrice Bergeron wins face-off versus Jamie Arniel in neutral zone.
18:44 of 1st period - Wrist shot by Milan Lucic.
18:44 of 1st period - Shot Misses the Net.
18:51 of 1st period - Off-side.
18:52 of 1st period - Nazem Kadri wins face-off versus Tomas Hertl in neutral zone.
19:44 of 1st period - Slapshot by Mark Fistric.
19:44 of 1st period - Shot Blocked by Michael Del Zotto.
19:46 of 1st period - Snap shot by Maxime Sauvé.
19:46 of 1st period - Stopped by Maxime Daigneault without a rebound.
19:47 of 1st period - Tyler Ennis wins face-off versus Maxime Sauvé in Devils zone.
19:52 of 1st period - Chris Bourque is hit by Kristopher Letang and loses puck.
Goals for this period are 0 for Rangers vs 1 for Devils.
Shots for this period are 5 for Rangers vs 4 for Devils.
2nd period
0:01 of 2nd period - Jamie Arniel wins face-off versus Patrice Bergeron in neutral zone.
0:14 of 2nd period - Wrist shot by Patrice Bergeron.
0:14 of 2nd period - Stopped by Maxime Daigneault with a rebound.
0:16 of 2nd period - Wrist shot by Patrice Bergeron.
0:16 of 2nd period - Deflect By Steve Quailer.
0:16 of 2nd period - Shot Blocked by Jamie Arniel.
0:16 of 2nd period - Puck is out of play.
0:17 of 2nd period - Nazem Kadri wins face-off versus Tomas Hertl in Devils zone.
0:34 of 2nd period - Snap shot by Nazem Kadri.
0:34 of 2nd period - Stopped by Frederik Andersen without a rebound.
0:35 of 2nd period - Jamie Arniel wins face-off versus Patrice Bergeron in Rangers zone.
0:41 of 2nd period - Minor Penalty to Steve Quailer for Roughing.
0:42 of 2nd period - Patrick Kaleta wins face-off versus Milan Lucic in Rangers zone.
0:54 of 2nd period - Wrist shot by Patrick Kaleta.
0:54 of 2nd period - Stopped by Frederik Andersen with a rebound.
2:18 of 2nd period - Patrick Kaleta is hit by Mark Fistric and loses puck.
2:41 of 2nd period - Penalty to Steve Quailer is over, Steve Quailer is back on ice.
2:58 of 2nd period - Maxime Sauvé is hit by Brad Richardson and loses puck.
4:14 of 2nd period - Minor Penalty to Zach Parise for Interference.
4:15 of 2nd period - Martin Samuelsson wins face-off versus Patrice Bergeron in Devils zone.
4:21 of 2nd period - Wrist shot by Patrick Kaleta.
4:21 of 2nd period - Stopped by Frederik Andersen without a rebound.
4:22 of 2nd period - Martin Samuelsson wins face-off versus Patrice Bergeron in Rangers zone.
4:25 of 2nd period - Slapshot by Martin Samuelsson.
4:25 of 2nd period - Stopped by Frederik Andersen with a rebound.
4:27 of 2nd period - Snap shot by Patrick Kaleta.
4:27 of 2nd period - Shot Blocked by Cam Barker.
4:29 of 2nd period - Snap shot by Patrick Kaleta.
4:29 of 2nd period - Shot Misses the Net.
4:31 of 2nd period - Slapshot by Martin Samuelsson.
4:31 of 2nd period - Shot Misses the Net.
4:33 of 2nd period - Snap shot by Patrick Kaleta.
4:33 of 2nd period - Deflect By Martin Samuelsson.
4:33 of 2nd period - Shot Blocked by Luke Schenn.
4:33 of 2nd period - Puck is out of play.
4:34 of 2nd period - Patrice Bergeron wins face-off versus Martin Samuelsson in Rangers zone.
4:39 of 2nd period - Snap shot by Cam Barker.
4:39 of 2nd period - Deflect By Josh Gorges.
4:39 of 2nd period - Stopped by Maxime Daigneault without a rebound.
4:40 of 2nd period - Patrice Bergeron wins face-off versus Martin Samuelsson in Devils zone.
4:47 of 2nd period - Backhand shot by Milan Lucic.
4:47 of 2nd period - Shot Misses the Net.
6:14 of 2nd period - Penalty to Zach Parise is over, Zach Parise is back on ice.
6:32 of 2nd period - Wrist shot by Zach Parise.
6:32 of 2nd period - Stopped by Frederik Andersen without a rebound.
6:33 of 2nd period - Maxime Sauvé wins face-off versus Nazem Kadri in Rangers zone.
6:40 of 2nd period - Slapshot by Tyler Ennis.
6:40 of 2nd period - Shot Misses the Net.
7:37 of 2nd period - Kristopher Letang is hit by Henrik Samuelsson and loses puck.
8:12 of 2nd period - Wrist shot by Martin Samuelsson.
8:12 of 2nd period - Stopped by Frederik Andersen with a rebound.
8:14 of 2nd period - Slapshot by Matt Donovan.
8:14 of 2nd period - Deflect By Devante Smith-Pelly.
8:14 of 2nd period - Stopped by Frederik Andersen with a rebound.
8:16 of 2nd period - Wrist shot by Martin Samuelsson.
8:16 of 2nd period - Stopped by Frederik Andersen with a rebound.
8:18 of 2nd period - Slapshot by Martin Samuelsson.
8:18 of 2nd period - Stopped by Frederik Andersen without a rebound.
8:19 of 2nd period - Jamie Arniel wins face-off versus Rostislav Olesz in Rangers zone.
8:22 of 2nd period - Snap shot by Zach Parise.
8:22 of 2nd period - Stopped by Frederik Andersen without a rebound.
8:23 of 2nd period - Tomas Hertl wins face-off versus Jamie Arniel in Rangers zone.
9:21 of 2nd period - Snap shot by Milan Lucic.
9:21 of 2nd period - Shot Misses the Net.
9:23 of 2nd period - Slapshot by Mark Fistric.
9:23 of 2nd period - Deflect By Milan Lucic.
9:23 of 2nd period - Shot Misses the Net.
9:23 of 2nd period - Puck is out of play.
9:24 of 2nd period - Rostislav Olesz wins face-off versus Jamie Arniel in Devils zone.
9:30 of 2nd period - Minor Penalty to Tomas Hertl for Holding.
9:31 of 2nd period - Milan Lucic wins face-off versus Patrick Kaleta in Rangers zone.
9:47 of 2nd period - Snap shot by Patrick Kaleta.
9:47 of 2nd period - Deflect By Marian Gaborik.
9:47 of 2nd period - Shot Blocked by Cam Barker.
9:47 of 2nd period - Puck is out of play.
9:48 of 2nd period - Patrick Kaleta wins face-off versus Milan Lucic in Rangers zone.
9:51 of 2nd period - Snap shot by Tyler Ennis.
9:51 of 2nd period - Stopped by Frederik Andersen with a rebound.
9:53 of 2nd period - Snap shot by Marian Gaborik.
9:53 of 2nd period - Stopped by Frederik Andersen with a rebound.
11:15 of 2nd period - Michael Del Zotto is hit by Chris Bourque and loses puck.
11:30 of 2nd period - Penalty to Tomas Hertl is over, Tomas Hertl is back on ice.
11:35 of 2nd period - Off-side.
11:36 of 2nd period - Tomas Hertl wins face-off versus Nick Bonino in neutral zone.
12:01 of 2nd period - Matt Delahey is hit by Thomas Hickey and loses puck.
12:08 of 2nd period - Wrist shot by Nazem Kadri.
12:08 of 2nd period - Stopped by Frederik Andersen without a rebound.
12:09 of 2nd period - Patrice Bergeron wins face-off versus Tyler Ennis in Rangers zone.
12:18 of 2nd period - Slapshot by Milan Lucic.
12:18 of 2nd period - Shot Blocked by Josh Gorges.
12:20 of 2nd period - Slapshot by Cam Barker.
12:20 of 2nd period - Stopped by Maxime Daigneault without a rebound.
12:21 of 2nd period - Jamie Arniel wins face-off versus Patrice Bergeron in Devils zone.
12:55 of 2nd period - Wrist shot by Jamie Arniel.
12:55 of 2nd period - Goal by Jamie Arniel - Rangers : 0 - Devils : 2.
12:56 of 2nd period - Patrice Bergeron wins face-off versus Nazem Kadri in neutral zone.
13:05 of 2nd period - Slapshot by Steve Quailer.
13:05 of 2nd period - Stopped by Maxime Daigneault with a rebound.
13:07 of 2nd period - Wrist shot by Steve Quailer.
13:07 of 2nd period - Stopped by Maxime Daigneault without a rebound.
13:08 of 2nd period - Tyler Ennis wins face-off versus Patrice Bergeron in Devils zone.
13:19 of 2nd period - Wrist shot by Tyler Ennis.
13:19 of 2nd period - Shot Misses the Net.
13:21 of 2nd period - Slapshot by Josh Gorges.
13:21 of 2nd period - Stopped by Frederik Andersen without a rebound.
13:22 of 2nd period - Jamie Arniel wins face-off versus Patrice Bergeron in Rangers zone.
13:53 of 2nd period - Slapshot by Cam Barker.
13:53 of 2nd period - Shot Misses the Net.
13:55 of 2nd period - Wrist shot by Ryan Strome.
13:55 of 2nd period - Stopped by Maxime Daigneault without a rebound.
13:56 of 2nd period - Nazem Kadri wins face-off versus Tomas Hertl in Devils zone.
14:21 of 2nd period - Dmitry Kulikov is hit by Chris Stewart and loses puck.
14:30 of 2nd period - Wrist shot by Zach Parise.
14:30 of 2nd period - Deflect By Jamie Arniel.
14:30 of 2nd period - Stopped by Frederik Andersen without a rebound.
14:31 of 2nd period - Jamie Arniel wins face-off versus Tomas Hertl in Rangers zone.
14:32 of 2nd period - Wrist shot by Zach Parise.
14:32 of 2nd period - Shot Blocked by Rostislav Olesz.
15:45 of 2nd period - Snap shot by Tomas Hertl.
15:45 of 2nd period - Shot Misses the Net.
16:01 of 2nd period - Snap shot by T.J Galiardi.
16:01 of 2nd period - Shot Blocked by Jamie Arniel.
16:03 of 2nd period - Slapshot by T.J Galiardi.
16:03 of 2nd period - Goal by T.J Galiardi - Rangers : 1 - Devils : 2.
16:04 of 2nd period - Nazem Kadri wins face-off versus Patrice Bergeron in neutral zone.
16:07 of 2nd period - Luke Schenn is hit by Marian Gaborik and loses puck.
16:30 of 2nd period - Josh Gorges is hit by Cam Barker and loses puck.
16:47 of 2nd period - Minor Penalty to Ryan Strome for Roughing.
16:48 of 2nd period - Milan Lucic wins face-off versus Patrick Kaleta in Rangers zone.
16:59 of 2nd period - Snap shot by Tyler Ennis.
16:59 of 2nd period - Shot Misses the Net.
18:23 of 2nd period - Dmitry Kulikov is hit by Tyler Ennis and loses puck.
18:47 of 2nd period - Penalty to Ryan Strome is over, Ryan Strome is back on ice.
19:02 of 2nd period - Slapshot by Cam Barker.
19:02 of 2nd period - Shot Blocked by Anton Stralman.
19:04 of 2nd period - Snap shot by Luke Schenn.
19:04 of 2nd period - Shot Blocked by Josh Gorges.
19:06 of 2nd period - Wrist shot by Maxime Sauvé.
19:06 of 2nd period - Shot Blocked by Eric Tangradi.
19:08 of 2nd period - Slapshot by Cam Barker.
19:08 of 2nd period - Deflect By Chris Bourque.
19:08 of 2nd period - Goal by Chris Bourque - Rangers : 2 - Devils : 2.
19:09 of 2nd period - Tomas Hertl wins face-off versus Nazem Kadri in neutral zone.
Goals for this period are 2 for Rangers vs 1 for Devils.
Shots for this period are 8 for Rangers vs 16 for Devils.
3rd period
0:01 of 3rd period - Nazem Kadri wins face-off versus Patrice Bergeron in neutral zone.
0:04 of 3rd period - Milan Lucic is hit by Marian Gaborik and loses puck.
0:24 of 3rd period - Icing by Luke Schenn.
0:25 of 3rd period - Jamie Arniel wins face-off versus Tomas Hertl in Rangers zone.
0:28 of 3rd period - Snap shot by Jamie Arniel.
0:28 of 3rd period - Deflect By Zach Parise.
0:28 of 3rd period - Stopped by Frederik Andersen with a rebound.
0:35 of 3rd period - Off-side.
0:36 of 3rd period - Nazem Kadri wins face-off versus Milan Lucic in neutral zone.
1:54 of 3rd period - Wrist shot by Nick Bonino.
1:54 of 3rd period - Shot Misses the Net.
1:56 of 3rd period - Slapshot by Anton Stralman.
1:56 of 3rd period - Stopped by Frederik Andersen with a rebound.
2:25 of 3rd period - Wrist shot by Milan Lucic.
2:25 of 3rd period - Stopped by Maxime Daigneault without a rebound.
2:26 of 3rd period - Jamie Arniel wins face-off versus Patrice Bergeron in Devils zone.
2:31 of 3rd period - Slapshot by Thomas Hickey.
2:31 of 3rd period - Shot Blocked by Patrik Nemeth.
2:38 of 3rd period - Patrik Nemeth is hit by Zach Parise and loses puck.
3:19 of 3rd period - Maxime Sauvé is hit by Martin Samuelsson and loses puck.
3:55 of 3rd period - Anton Stralman is hit by Ryan Strome and loses puck.
4:57 of 3rd period - Snap shot by Ryan Strome.
4:57 of 3rd period - Shot Misses the Net.
4:59 of 3rd period - Snap shot by Rostislav Olesz.
4:59 of 3rd period - Deflect By Ryan Strome.
4:59 of 3rd period - Stopped by Maxime Daigneault without a rebound.
5:00 of 3rd period - Tomas Hertl wins face-off versus Nick Bonino in Devils zone.
5:07 of 3rd period - Snap shot by Tomas Hertl.
5:07 of 3rd period - Stopped by Maxime Daigneault with a rebound.
5:09 of 3rd period - Wrist shot by Tomas Hertl.
5:09 of 3rd period - Shot Blocked by Michael Del Zotto.
5:11 of 3rd period - Snap shot by Rostislav Olesz.
5:11 of 3rd period - Shot Misses the Net.
5:21 of 3rd period - Wrist shot by Tomas Hertl.
5:21 of 3rd period - Stopped by Maxime Daigneault with a rebound.
5:23 of 3rd period - Slapshot by Rostislav Olesz.
5:23 of 3rd period - Stopped by Maxime Daigneault with a rebound.
5:34 of 3rd period - Minor Penalty to Rostislav Olesz for Hooking.
5:35 of 3rd period - Milan Lucic wins face-off versus Patrick Kaleta in Rangers zone.
7:34 of 3rd period - Penalty to Rostislav Olesz is over, Rostislav Olesz is back on ice.
7:44 of 3rd period - Mark Fistric is hit by Brad Richardson and loses puck.
8:59 of 3rd period - Icing by Luke Schenn.
9:00 of 3rd period - Henrik Samuelsson wins face-off versus Jamie Arniel in Rangers zone.
9:30 of 3rd period - Minor Penalty to Ryan Strome for Roughing.
9:31 of 3rd period - Milan Lucic wins face-off versus Patrick Kaleta in Rangers zone.
11:06 of 3rd period - Mark Fistric is hit by Brad Richards and loses puck.
11:21 of 3rd period - Mark Fistric is hit by Marian Gaborik and loses puck.
11:30 of 3rd period - Penalty to Ryan Strome is over, Ryan Strome is back on ice.
11:49 of 3rd period - Wrist shot by Eric Tangradi.
11:49 of 3rd period - Shot Misses the Net.
11:51 of 3rd period - Slapshot by Matt Donovan.
11:51 of 3rd period - Stopped by Frederik Andersen without a rebound.
11:52 of 3rd period - Tomas Hertl wins face-off versus Nick Bonino in Rangers zone.
11:52 of 3rd period - Tomas Hertl is hit by Matt Donovan.
12:04 of 3rd period - Slapshot by Tomas Hertl.
12:04 of 3rd period - Shot Blocked by Thomas Hickey.
12:58 of 3rd period - Backhand shot by Maxime Sauvé.
12:58 of 3rd period - Shot Blocked by Kristopher Letang.
12:58 of 3rd period - Kristopher Letang from Devils is injured at 12:58 of 3rd period (Lower Body).
12:59 of 3rd period - Nazem Kadri wins face-off versus Patrice Bergeron in Devils zone.
13:15 of 3rd period - Snap shot by Marian Gaborik.
13:15 of 3rd period - Shot Misses the Net.
13:25 of 3rd period - Cam Barker is hit by Martin Samuelsson and loses puck.
13:38 of 3rd period - Snap shot by Brad Richards.
13:38 of 3rd period - Stopped by Frederik Andersen without a rebound.
13:39 of 3rd period - Nazem Kadri wins face-off versus Tomas Hertl in Rangers zone.
13:40 of 3rd period - Slapshot by Michael Del Zotto.
13:40 of 3rd period - Stopped by Frederik Andersen without a rebound.
13:41 of 3rd period - Tomas Hertl wins face-off versus Nazem Kadri in Rangers zone.
13:46 of 3rd period - Wrist shot by Tomas Hertl.
13:46 of 3rd period - Stopped by Maxime Daigneault without a rebound.
13:47 of 3rd period - Nazem Kadri wins face-off versus Tomas Hertl in Devils zone.
14:35 of 3rd period - Snap shot by Chris Bourque.
14:35 of 3rd period - Shot Misses the Net.
14:50 of 3rd period - Snap shot by Michael Del Zotto.
14:50 of 3rd period - Shot Misses the Net.
15:18 of 3rd period - Wrist shot by Maxime Sauvé.
15:18 of 3rd period - Shot Misses the Net.
15:30 of 3rd period - Snap shot by Jamie Arniel.
15:30 of 3rd period - Stopped by Frederik Andersen without a rebound.
15:31 of 3rd period - Brad Richards wins face-off versus Henrik Samuelsson in Rangers zone.
16:14 of 3rd period - Icing by Tomas Hertl.
16:15 of 3rd period - Nick Bonino wins face-off versus Patrice Bergeron in Rangers zone.
16:22 of 3rd period - Snap shot by Nick Bonino.
16:22 of 3rd period - Stopped by Frederik Andersen without a rebound.
16:23 of 3rd period - Brad Richards wins face-off versus Henrik Samuelsson in Rangers zone.
16:24 of 3rd period - Wrist shot by Patrick Kaleta.
16:24 of 3rd period - Stopped by Frederik Andersen without a rebound.
16:25 of 3rd period - Brad Richards wins face-off versus Henrik Samuelsson in Rangers zone.
16:30 of 3rd period - Wrist shot by Martin Samuelsson.
16:30 of 3rd period - Goal by Martin Samuelsson - Rangers : 2 - Devils : 3.
16:31 of 3rd period - Maxime Sauvé wins face-off versus Martin Samuelsson in neutral zone.
16:34 of 3rd period - Anton Stralman is hit by Luke Schenn and loses puck.
16:41 of 3rd period - Slapshot by Chris Bourque.
16:41 of 3rd period - Shot Misses the Net.
16:43 of 3rd period - Wrist shot by Chris Bourque.
16:43 of 3rd period - Stopped by Maxime Daigneault without a rebound.
16:44 of 3rd period - Maxime Sauvé wins face-off versus Patrick Kaleta in Devils zone.
16:49 of 3rd period - Snap shot by Chris Bourque.
16:49 of 3rd period - Stopped by Maxime Daigneault with a rebound.
16:55 of 3rd period - Snap shot by Devante Smith-Pelly.
16:55 of 3rd period - Stopped by Maxime Daigneault with a rebound.
16:56 of 3rd period - Minor Penalty to Luke Schenn for Hooking.
16:57 of 3rd period - Patrick Kaleta wins face-off versus Milan Lucic in Rangers zone.
17:21 of 3rd period - Icing by Marian Gaborik.
17:22 of 3rd period - Milan Lucic wins face-off versus Patrick Kaleta in Devils zone.
17:29 of 3rd period - Anton Stralman is hit by Matt Delahey and loses puck.
17:40 of 3rd period - Wrist shot by Patrick Kaleta.
17:40 of 3rd period - Stopped by Frederik Andersen with a rebound.
17:42 of 3rd period - Slapshot by Anton Stralman.
17:42 of 3rd period - Shot Blocked by Cam Barker.
18:50 of 3rd period - Cam Barker is hit by Tyler Ennis and loses puck.
18:56 of 3rd period - Penalty to Luke Schenn is over, Luke Schenn is back on ice.
19:27 of 3rd period - Slapshot by Tyler Ennis.
19:27 of 3rd period - Stopped by Frederik Andersen with a rebound.
19:29 of 3rd period - Slapshot by Marian Gaborik.
19:29 of 3rd period - Shot Blocked by Chris Bourque.
19:31 of 3rd period - Snap shot by Marian Gaborik.
19:31 of 3rd period - Shot Misses the Net.
19:33 of 3rd period - Slapshot by Anton Stralman.
19:33 of 3rd period - Stopped by Frederik Andersen without a rebound.
19:34 of 3rd period - Michel Therrien call a timeout for Rangers.
19:34 of 3rd period - Patrice Bergeron wins face-off versus Jamie Arniel in Rangers zone.
19:34 of 3rd period - Patrice Bergeron is hit by Josh Gorges.
19:40 of 3rd period - Rangers, Frederik Andersen is pulled from the net.
Goals for this period are 0 for Rangers vs 1 for Devils.
Shots for this period are 9 for Rangers vs 12 for Devils.